[ AOE2 MATCH · #469026477 ]
1v1 RMKhmer vs Armenians
Player's team · LOSS
[ REPLAY ANALYSIS · EXTRACTED FROM THE RECORDED GAME ]
Feudal
10:35
Castle
26:50
Imperial
—
| APM avg | 13.0 |
| APM peak | 32 |
| eAPM avg | 8.5 |
| Villagers / military | 45 / 17 |
Focus
⚔️ 23.0% · 🌾 77.0%
Skirmisher ×10 · Scout Cavalry ×7
Feudal
9:17
Castle
—
Imperial
—
| APM avg | 22.9 |
| APM peak | 97 |
| eAPM avg | 19.0 |
| Villagers / military | 55 / 35 |
Focus
⚔️ 19.3% · 🌾 80.7%
Militia ×24 · Spearman ×11
Match map
Initial resources + every placement click. Lines = walls · curves = elevation contours. ◆ gold · ⬟ stone · ● berries · ✦ relic · ◌ wall gap
Your base· ✓ Closed at 26:50 · 46t walls · 4 gate(s)
sneakjacks0n's base· Open — unwalled flank
Smoothed initial terrain · ◌ = detected wall gap · hover for details
Inputs per minute
— Platta07 - - sneakjacks0n
Build order — Platta07
125 actions detected in the replay
| 0:01 | Create | Villager (Male) |
| 0:01 | Create | Villager (Male) |
| 0:02 | Create | Villager (Male) |
| 0:02 | Create | Villager (Male) |
| 0:03 | Build | House |
| 0:06 | Build | House |
| 1:29 | Create | Villager (Male) |
| 2:05 | Create | Villager (Male) |
| 2:28 | Create | Villager (Male) |
| 2:28 | Create | Villager (Male) |
| 2:29 | Create | Villager (Male) |
| 2:52 | Create | Villager (Male) |
| 3:18 | Create | Villager (Male) |
| 3:50 | Create | Villager (Male) |
| 3:50 | Create | Villager (Male) |
| 4:01 | Build | House |
| 4:02 | Build | House |
| 4:13 | Create | Villager (Male) |
| 4:40 | Build | Palisade Gate |
| 4:50 | Build | House |
| 4:51 | Build | House |
| 4:53 | Build | House |
| 4:59 | Create | Villager (Male) |
| 5:32 | Create | Villager (Male) |
| 5:32 | Create | Villager (Male) |
| 5:32 | Create | Villager (Male) |
| 6:44 | Create | Villager (Male) |
| 6:44 | Create | Villager (Male) |
| 6:58 | Build | House |
| 7:07 | Build | Lumber Camp |
| 7:40 | Create | Villager (Male) |
| 7:40 | Create | Villager (Male) |
| 8:04 | Build | Palisade Wall |
| 8:06 | Build | Palisade Wall |
| 8:07 | Build | Palisade Wall |
| 8:11 | Build | Palisade Wall |
| 8:25 | Research | Feudal Age |
| 8:55 | Build | Farm |
| 8:55 | Build | Farm |
| 8:56 | Build | Farm |
| 8:56 | Build | Farm |
| 8:56 | Build | Farm |
| 8:56 | Build | Farm |
| 8:57 | Build | Farm |
| 8:57 | Build | Farm |
| 8:57 | Build | Farm |
| 9:55 | Build | Palisade Gate |
| 10:10 | Create | Villager (Male) |
| 10:35 | Age | Feudal Age |
| 11:59 | Build | Stable |
| 12:10 | Create | Villager (Male) |
| 12:10 | Create | Villager (Male) |
| 12:10 | Create | Villager (Male) |
| 12:11 | Create | Villager (Male) |
| 12:11 | Create | Villager (Male) |
| 12:52 | Build | Watch Tower |
| 13:15 | Build | Mining Camp |
| 13:19 | Create | Scout Cavalry |
| 13:19 | Create | Scout Cavalry |
| 13:19 | Create | Scout Cavalry |
| 13:19 | Create | Scout Cavalry |
| 13:25 | Create | Villager (Male) |
| 13:25 | Create | Villager (Male) |
| 13:25 | Create | Villager (Male) |
| 14:03 | Build | Palisade Wall |
| 14:06 | Build | Palisade Gate |
| 14:11 | Build | Palisade Wall |
| 14:26 | Create | Villager (Male) |
| 14:26 | Create | Villager (Male) |
| 14:26 | Create | Villager (Male) |
| 14:49 | Build | Mining Camp |
| 14:56 | Create | Scout Cavalry |
| 14:58 | Create | Scout Cavalry |
| 15:19 | Build | House |
| 15:32 | Build | House |
| 15:51 | Build | House |
| 15:58 | Build | House |
| 16:16 | Create | Villager (Male) |
| 16:16 | Create | Villager (Male) |
| 16:30 | Create | Scout Cavalry |
| 16:44 | Build | Watch Tower |
| 17:55 | Build | House |
| 17:59 | Build | House |
| 18:03 | Build | House |
| 19:18 | Build | Palisade Wall |
| 19:36 | Create | Villager (Male) |
| 19:36 | Create | Villager (Male) |
| 19:37 | Create | Villager (Male) |
| 19:37 | Create | Villager (Male) |
| 19:37 | Create | Villager (Male) |
| 20:18 | Build | Farm |
| 20:18 | Build | Farm |
| 20:19 | Build | Farm |
| 20:19 | Build | Farm |
| 20:19 | Build | Farm |
| 20:19 | Build | Farm |
| 20:20 | Build | Farm |
| 20:24 | Create | Villager (Male) |
| 20:24 | Create | Villager (Male) |
| 20:24 | Create | Villager (Male) |
| 20:38 | Build | Palisade Gate |
| 20:46 | Build | Mining Camp |
| 20:51 | Create | Villager (Male) |
| 20:59 | Build | Lumber Camp |
| 21:12 | Build | House |
| 21:17 | Build | House |
| 21:19 | Build | House |
| 21:20 | Build | House |
| 21:22 | Build | House |
| 21:23 | Build | House |
| 22:13 | Build | Archery Range |
| 22:26 | Build | Mill |
| 23:18 | Create | Skirmisher |
| 23:18 | Create | Skirmisher |
| 23:19 | Create | Skirmisher |
| 23:19 | Create | Skirmisher |
| 23:19 | Create | Skirmisher |
| 24:10 | Research | Castle Age |
| 24:31 | Create | Skirmisher |
| 24:31 | Create | Skirmisher |
| 25:33 | Create | Skirmisher |
| 26:02 | Create | Skirmisher |
| 26:02 | Create | Skirmisher |
| 26:50 | Age | Castle Age |
| 27:25 | Build | Castle |
Build order — sneakjacks0n
First 150 of 172 actions detected
| 0:02 | Create | Villager (Male) |
| 0:02 | Create | Villager (Male) |
| 0:02 | Create | Villager (Male) |
| 0:06 | Build | House |
| 0:12 | Build | House |
| 0:46 | Create | Villager (Male) |
| 1:28 | Create | Villager (Male) |
| 2:08 | Create | Villager (Male) |
| 2:39 | Create | Villager (Male) |
| 3:02 | Create | Villager (Male) |
| 3:10 | Build | House |
| 3:18 | Create | Villager (Male) |
| 3:45 | Create | Villager (Male) |
| 4:05 | Build | Mule Cart |
| 4:17 | Create | Villager (Male) |
| 4:18 | Create | Villager (Male) |
| 4:18 | Create | Villager (Male) |
| 5:09 | Create | Villager (Male) |
| 5:15 | Create | Villager (Male) |
| 5:15 | Create | Villager (Male) |
| 5:59 | Build | Barracks |
| 6:09 | Create | Villager (Male) |
| 6:25 | Create | Villager (Male) |
| 6:32 | Research | Loom |
| 6:48 | Build | House |
| 7:07 | Research | Feudal Age |
| 7:38 | Create | Villager (Male) |
| 7:45 | Create | Militia |
| 8:05 | Create | Villager (Male) |
| 8:08 | Create | Militia |
| 8:18 | Build | House |
| 8:35 | Build | Palisade Gate |
| 8:43 | Build | Palisade Wall |
| 8:52 | Build | Palisade Wall |
| 8:56 | Create | Villager (Male) |
| 8:57 | Create | Villager (Male) |
| 9:17 | Age | Feudal Age |
| 9:18 | Build | Mill |
| 9:31 | Create | Villager (Male) |
| 9:43 | Research | Double-Bit Axe |
| 10:02 | Create | Militia |
| 10:36 | Build | Mule Cart |
| 10:52 | Create | Villager (Male) |
| 11:52 | Research | Man-at-Arms (upgrade) |
| 12:22 | Create | Villager (Male) |
| 12:23 | Create | Villager (Male) |
| 12:30 | Build | Farm |
| 12:30 | Build | Farm |
| 12:30 | Build | Farm |
| 12:31 | Build | Farm |
| 12:31 | Build | Farm |
| 13:08 | Create | Militia |
| 13:14 | Create | Villager (Male) |
| 13:26 | Build | Farm |
| 13:26 | Build | Farm |
| 13:27 | Build | Farm |
| 13:44 | Build | Mule Cart |
| 13:54 | Build | House |
| 14:03 | Create | Villager (Male) |
| 14:11 | Create | Villager (Male) |
| 14:16 | Create | Villager (Male) |
| 14:25 | Create | Militia |
| 14:42 | Research | Long Swordsman (upgrade) |
| 15:06 | Research | Arson |
| 15:14 | Create | Villager (Male) |
| 15:14 | Create | Villager (Male) |
| 15:19 | Build | Farm |
| 15:19 | Build | Farm |
| 15:20 | Build | Farm |
| 15:20 | Build | Farm |
| 16:05 | Create | Villager (Male) |
| 16:20 | Build | House |
| 16:26 | Build | Palisade Wall |
| 16:31 | Create | Villager (Male) |
| 16:36 | Build | Blacksmith |
| 17:08 | Create | Militia |
| 18:12 | Create | Militia |
| 18:14 | Create | Spearman |
| 18:14 | Create | Spearman |
| 18:14 | Create | Spearman |
| 18:15 | Create | Spearman |
| 18:17 | Create | Militia ×5 |
| 18:19 | Create | Villager (Male) ×5 |
| 18:26 | Build | Farm |
| 18:26 | Build | Farm |
| 18:26 | Build | Farm |
| 18:26 | Build | Farm |
| 18:26 | Build | Farm |
| 18:26 | Build | Farm |
| 18:26 | Build | Farm |
| 18:26 | Build | Farm |
| 18:26 | Build | Farm |
| 18:26 | Build | Farm |
| 18:26 | Build | Farm |
| 18:26 | Build | Farm |
| 18:26 | Build | Farm |
| 18:26 | Build | Farm |
| 18:26 | Build | Farm |
| 18:27 | Build | Farm |
| 18:27 | Build | Farm |
| 18:27 | Build | Farm |
| 18:27 | Build | Farm |
| 18:27 | Build | Farm |
| 18:27 | Build | Farm |
| 18:27 | Build | Farm |
| 18:27 | Build | Farm |
| 18:27 | Build | Farm |
| 18:27 | Build | Farm |
| 18:27 | Build | Farm |
| 18:27 | Build | Farm |
| 18:58 | Build | Watch Tower |
| 19:19 | Build | House |
| 19:22 | Build | House |
| 19:27 | Build | House |
| 19:49 | Build | House |
| 19:53 | Build | House |
| 20:02 | Create | Militia ×5 |
| 20:04 | Create | Villager (Male) |
| 20:29 | Build | Mule Cart |
| 20:38 | Create | Militia |
| 20:49 | Build | House |
| 21:08 | Build | Outpost |
| 21:29 | Build | Farm |
| 21:29 | Build | Farm |
| 21:29 | Build | Farm |
| 21:29 | Build | Farm |
| 21:29 | Build | Farm |
| 21:29 | Build | Farm |
| 21:29 | Build | Farm |
| 21:29 | Build | Farm |
| 21:29 | Build | Farm |
| 21:41 | Build | Outpost |
| 21:44 | Build | Outpost |
| 21:49 | Build | Outpost |
| 21:53 | Build | Outpost |
| 21:55 | Build | Outpost |
| 21:59 | Create | Militia |
| 22:06 | Create | Spearman ×5 |
| 22:20 | Build | Archery Range |
| 22:42 | Build | House |
| 22:45 | Build | House |
| 22:53 | Build | Palisade Wall |
| 22:57 | Build | Palisade Wall |
| 23:01 | Create | Villager (Male) |
| 23:04 | Create | Villager (Male) ×5 |
| 24:50 | Create | Spearman |
| 24:51 | Create | Villager (Male) ×5 |
| 25:06 | Build | Farm |
| 25:06 | Build | Farm |
| 25:06 | Build | Farm |
Match timeline
| 5:59 | sneakjacks0n · first_building Barracks |
| 8:04 | Platta07 · wall_segment Palisade Wall x3 |
| 8:06 | Platta07 · wall_segment Palisade Wall x5 |
| 8:07 | Platta07 · wall_segment Palisade Wall x3 |
| 8:11 | Platta07 · wall_segment Palisade Wall x7 |
| 8:43 | sneakjacks0n · wall_segment Palisade Wall x1 |
| 8:52 | sneakjacks0n · wall_segment Palisade Wall x6 |
| 9:17 | sneakjacks0n · age_up feudal |
| 10:35 | Platta07 · age_up feudal |
| 11:59 | Platta07 · first_building Stable |
| 14:03 | Platta07 · wall_segment Palisade Wall x6 |
| 14:11 | Platta07 · wall_segment Palisade Wall x9 |
| 16:26 | sneakjacks0n · wall_segment Palisade Wall x11 |
| 19:18 | Platta07 · wall_segment Palisade Wall x14 |
| 22:13 | Platta07 · first_building Archery Range |
| 22:20 | sneakjacks0n · first_building Archery Range |
| 22:53 | sneakjacks0n · wall_segment Palisade Wall x12 |
| 22:57 | sneakjacks0n · wall_segment Palisade Wall x11 |
| 26:50 | Platta07 · age_up castle |
| 27:25 | Platta07 · first_building Castle |
| 28:05 | Platta07 · resign |
[ AI ANALYSIS · 1 CREDIT ]
What really happened in this match?
Wolo.gg analyzes every decision: build order, eco, micro, common mistakes by bracket. Personalized analysis on WhatsApp or Discord in 30 seconds.
Civ guide
Khmer
Map guide
Arabia
Perfil
Platta07